Map: Neon Violet Square LE

Players

QuantumCold

  • Race: Protoss Protoss
  • League: Platinum
  • Spawn Location: 5:00

Juxtapose - Winner!

  • Race: Protoss Protoss
  • League: Platinum
  • Spawn Location: 11:00

VOD

https://youtu.be/vhUaDpKoSC8

Description

After that very frustrating previous game, I decided to do one more for the evening and found myself in the Protoss mirror match.

This was a fun match and I do believe my Protoss game is once again getting stronger, at least in the mirror.

Time

  • Played on: Jan. 18, 2018, 7:43 p.m.
  • Length: 9:29
Show
View Real Time Build Order
Export as new Build Order

QuantumCold Protoss 

Build Orders: Oracle Opening 

Get SALT Encoding   

  12  0:01  Probe  
  13  0:13  Probe  
  14  0:25  Probe  
  14  0:27  Pylon  
  15  0:45  Probe  
  16  0:54  Gateway  
  16  0:57  Probe  
  16  0:58  Assimilator  
  16  1:01  Assimilator  
  17  1:09  Probe  
  18  1:22  Probe  
  19  1:34  Probe  
  20  1:46  Cybernetics Core, Probe  
  21  1:48  Pylon  
  21  1:58  Probe  
  22  2:10  Probe  
  22  2:18  Nexus  
  22  2:22  Warp Gate (Chrono Boost), Probe  
  23  2:31  Stalker (Chrono Boost)  
  25  2:48  Pylon  
  25  2:54  Stalker  
  25  2:55  Probe  
  28  3:12  Gateway  
  28  3:16  Stargate  
  28  3:17  Probe  
  29  3:27  Stalker  
  29  3:30  Probe x2  
  33  3:42  Probe x2  
  35  3:54  Probe x2  
  37  3:59  Oracle (Chrono Boost)  
  37  4:00  Robotics Facility  
  40  4:08  Stalker  
  42  4:15  Pylon  
  42  4:26  Pylon  
  42  4:35  Probe x2  
  44  4:38  Assimilator  
  44  4:43  Assimilator  
  44  4:47  Void Ray  
  44  4:48  Gateway  
  44  4:51  Sentry  
  44  4:52  Probe  
  51  4:54  Probe  
  49  5:12  Immortal (Chrono Boost)  
  49  5:13  Stalker  
  55  5:14  Probe  
  56  5:32  Phoenix (Chrono Boost)  
  56  5:34  Probe x2  
  60  5:46  Probe x2  
  60  5:48  Immortal (Chrono Boost)  
  66  5:50  Pylon  
  66  5:58  Probe  
  64  6:06  Probe  
  64  6:10  Probe  
  66  6:18  Probe  
  67  6:26  Probe  
  67  6:28  Zealot x3  
  67  6:30  Phoenix, Probe  
  77  6:37  Pylon  
  78  6:40  Probe  
  78  6:44  Pylon  
  78  6:54  Immortal  
  78  6:55  Probe x2  
  84  7:07  Probe  
  85  7:14  Shield Battery  
  85  7:17  Shield Battery, Probe  
  85  7:19  Probe  
  87  7:27  Void Ray (Chrono Boost)  
  87  7:29  Probe  
  88  7:35  Zealot  
  94  8:14  Forge  
  94  8:16  Forge  
  94  8:19  Pylon  
  94  8:21  Pylon  
  94  8:22  Pylon  
  94  8:24  Pylon  
  94  8:28  Oracle  
  92  8:39  Immortal  
  94  8:45  Pylon  
  94  8:46  Pylon  
  94  8:47  Pylon  
  94  8:48  Pylon  
  72  9:16  Zealot x2  
Show
View Real Time Build Order
Export as new Build Order

Juxtapose Protoss - Winner!

Build Orders: Oracle Opening 

Get SALT Encoding   

  12  0:01  Probe  
  13  0:13  Probe  
  14  0:19  Pylon  
  14  0:25  Probe  
  15  0:37  Probe  
  15  0:40  Gateway  
  17  0:50  Assimilator, Probe  
  17  1:02  Probe  
  18  1:07  Assimilator  
  18  1:14  Probe  
  19  1:27  Probe  
  20  1:33  Cybernetics Core  
  20  1:40  Zealot, Probe  
  23  1:53  Pylon  
  23  2:11  Probe  
  23  2:12  Stalker, Warp Gate  
  26  2:23  Probe  
  27  2:35  Probe  
  28  2:46  Nexus  
  28  2:48  Probe  
  29  3:06  Stargate  
  29  3:10  Pylon  
  29  3:15  Shield Battery  
  29  3:40  Forge  
  29  3:43  Pylon  
  29  3:48  Gateway, Oracle (Chrono Boost), Probe  
  33  4:00  Probe  
  33  4:01  Stalker  
  36  4:05  Probe  
  37  4:12  Probe  
  38  4:17  Probe  
  38  4:18  Photon Cannon  
  39  4:24  Pylon  
  39  4:26  Probe  
  40  4:39  Probe  
  40  4:40  Probe  
  40  4:44  Photon Cannon  
  42  4:49  Stalker  
  44  4:54  Probe x2  
  46  5:10  Void Ray (Chrono Boost)  
  50  5:16  Probe x2  
  52  5:28  Assimilator, Probe x2  
  53  5:32  Pylon  
  53  5:33  Stalker x2  
  57  5:42  Probe x2  
  59  5:44  Assimilator  
  59  5:46  Void Ray (Chrono Boost)  
  63  5:54  Probe  
  63  5:55  Probe  
  65  6:10  Protoss Ground Weapons Level 1 (Chrono Boost), Stalker  
  65  6:11  Stalker  
  69  6:23  Gateway, Twilight Council  
  69  6:24  Void Ray (Chrono Boost)  
  70  6:33  Shield Battery  
  70  6:38  Probe  
  71  6:50  Probe  
  71  6:51  Nexus  
  71  6:52  Stalker x2  
  76  7:03  Probe  
  77  7:18  Pylon  
  77  7:21  Pylon  
  77  7:29  Blink (Chrono Boost)  
  77  7:36  Void Ray (Chrono Boost)  
  81  7:38  Probe x2  
  83  7:50  Probe  
  84  7:52  Stalker x2  
  84  7:53  Stalker  
  90  8:02  Pylon  
  89  8:10  Void Ray (Chrono Boost)  
  93  8:17  Probe x2  
  69  9:08  Stalker  
  69  9:09  Stalker x2  
Tags
 
Add a new tag
Caveats
  • Supply blocks, unpowered buildings, or Contaminate may cause inaccurate times.
  • Supply counts are checked every 10 seconds.